 Dungeon Crawl Stone Soup version 0.28-b1-25-g9875b3fc8c (webtiles) character file.

Game seed: 12088351954589041998

90691 Kurdi the Brawler (level 16, -2/104 HPs)
             Began as a Gargoyle Monk on Feb 3, 2022.
             Was a High Priest of Cheibriados.
             Killed from afar by Azrael (28 damage)
             ... with damnation
             ... on level 14 of the Dungeon.
             The game lasted 01:29:29 (30706 turns).

Kurdi the Brawler (Gargoyle Monk)                  Turns: 30706, Time: 01:29:30

Health: -2/104     AC: 44    Str: 33    XL:     16   Next: 1%
Magic:  11/24      EV: 23    Int: 29    God:    Cheibriados [*****.]
Gold:   1050       SH:  9    Dex: 26    Spells: 4/15 levels left

rFire   . . .      SeeInvis .     - Unarmed
rCold   . . .      Faith    .   I - +3 buckler {AC+3}
rNeg    + . .      Spirit   .   o - +6 plate armour "Uluwip" {Fly rCorr}
rPois   ∞          Reflect  .   (no helmet)
rElec   +          Harm     .   w - scarf {+Inv}
rCorr   +          Rampage  .   Y - +3 pair of gauntlets of War {Slay+5}
Will    +....                   B - +2 pair of boots
Stlth   ..........              (no amulet)
HPRegen 0.27/turn               H - +4 ring of evasion
MPRegen 0.19/turn               Z - +4 ring of evasion

@: marked, flying, very slow
A: sickness immunity, AC +12, big wings, negative energy resistance 1,
electricity resistance, torment resistance 1, petrification resistance, passive
freeze
a: Renounce Religion, Evoke Invisibility, Bend Time, Temporal Distortion,
Slouch, Step From Time


You were on level 14 of the Dungeon.
You worshipped Cheibriados.
Cheibriados was extremely pleased with you.
You visited 4 branches of the dungeon, and saw 23 of its levels.
You also visited: Ossuary.

You collected 1941 gold pieces.
You spent 891 gold pieces at shops.

Inventory:

Missiles
 h - 535 stones
 l - 45 poisoned darts (quivered)
 A - a throwing net
Armour
 e - an orb of guile
 o - the +6 plate armour "Uluwip" (worn) {Fly rCorr}
   (You found it on level 6 of the Lair of Beasts)

   Fly:       It grants you flight.
   rCorr:     It protects you from acid and corrosion.
 w - a scarf of invisibility (worn)
 B - a +2 pair of boots (worn)
 I - a +3 buckler of protection (worn)
 O - a +2 cloak
 S - the +2 robe of Zuwashrile {rElec rC- Int+6 Archmagi}
   (You found it on level 6 of the Lair of Beasts)

   Int:       It affects your intelligence (+6).
   rC:        It makes you vulnerable to cold.
   rElec:     It insulates you from electricity.
   Archmagi:  It increases the power of your magical spells.
 Y - the +3 pair of gauntlets of War (worn) {Slay+5}
   (You bought it in a shop on level 1 of the Dungeon)

   Slay:      It affects your accuracy & damage with ranged weapons and melee
   (+5).
Jewellery
 t - an amulet of magic regeneration
 z - a ring of fire
 H - a +4 ring of evasion (left hand)
 L - an amulet of guardian spirit
 P - a ring of protection from cold
 Z - a +4 ring of evasion (right hand)
Wands
 x - a wand of polymorph (20)
 y - a wand of paralysis (21)
 E - a wand of acid (8)
 M - a wand of flame (25)
 Q - a wand of iceblast (9)
 R - a wand of digging (3)
 T - a wand of charming (5)
Scrolls
 a - 2 scrolls of fog
 b - 8 scrolls of fear
 c - 3 scrolls of magic mapping
 g - 3 scrolls of enchant armour
 k - 2 scrolls of enchant weapon
 n - 8 scrolls of teleportation
 p - a scroll of identify
 q - 6 scrolls of immolation
 D - 7 scrolls of amnesia
 N - a scroll of torment
 V - a scroll of summoning
 W - 5 scrolls of blinking
Potions
 d - 3 potions of berserk rage
 f - 4 potions of magic
 i - 3 potions of ambrosia
 m - 11 potions of curing
 r - 2 potions of flight
 s - a potion of resistance
 v - a potion of lignification
 C - 2 potions of attraction
 F - 2 potions of brilliance
 G - 2 potions of mutation
 J - a potion of invisibility
 K - a potion of might
Miscellaneous
 j - a phantom mirror


   Skills:
 + Level 13.3 Fighting
 + Level 12.4 Armour
 + Level 9.2 Dodging
 - Level 3.1 Stealth
 - Level 3.5 Shields
 * Level 17.0 Unarmed Combat
 + Level 11.4 Invocations
 - Level 4.6 Evocations


You had 4 spell levels left.
You knew the following spells:

 Your Spells              Type           Power      Damage    Failure   Level
a - Passwall              Tmut/Erth      0%         N/A       73%         2
b - Passage of Golubria   Tloc           0%         N/A       100%        4
c - Borgnjor's Vile Clut  Necr/Erth      0%         N/A       100%        5

Your spell library contained the following spells:

 Spells                   Type           Power      Damage    Failure   Level
 Sandblast                Erth           0%         2d4       58%         1
 Slow                     Hex            0%         N/A       58%         1
 Sting                    Tmut/Pois      0%         1d3       58%         1
 Ensorcelled Hibernation  Hex/Ice        0%         N/A       73%         2
 Poisonous Vapours        Pois/Air       0%         N/A       73%         2
 Static Discharge         Conj/Air       0%         N/A       73%         2
 Confusing Touch          Hex            0%         N/A       91%         3
 Dazzling Flash           Conj/Hex       0%         N/A       91%         3
 Ozocubu's Armour         Ice            0%         N/A       91%         3
 Spider Form              Tmut/Pois      0%         N/A       91%         3
 Vampiric Draining        Necr           0%         2d6       91%         3
 Anguish                  Hex/Necr       0%         N/A       100%        4
 Animate Dead             Necr           0%         N/A       100%        4
 Ice Form                 Ice/Tmut       0%         N/A       100%        4
 Iskenderun's Mystic Bla  Conj/Tloc      0%         2d3       100%        4
 Olgreb's Toxic Radiance  Pois           0%         N/A       100%        4
 Petrify                  Tmut/Erth      0%         N/A       100%        4
 Summon Ice Beast         Ice/Summ       0%         N/A       100%        4
 Agony                    Necr           0%         N/A       100%        5
 Freezing Cloud           Conj/Ice/Air   0%         6-21      100%        5
 Lee's Rapid Deconstruct  Erth           0%         3d5*      100%        5
 Lightning Bolt           Conj/Air       0%         1d11      100%        5
 Manifold Assault         Tloc           0%         N/A       100%        5
 Metabolic Englaciation   Hex/Ice        0%         N/A       100%        5
 Silence                  Hex/Air        0%         N/A       100%        5
 Summon Mana Viper        Hex/Summ       0%         N/A       100%        5
 Death Channel            Necr           0%         N/A       100%        6
 Simulacrum               Ice/Necr       0%         N/A       100%        6
 Monstrous Menagerie      Summ           0%         N/A       100%        7
 Maxwell's Capacitive Co  Air            0%         ∞         100%        8
 Polar Vortex             Ice            0%         N/A       100%        9


Dungeon Overview and Level Annotations

Branches:
Dungeon (14/15)            Temple (1/1) D:7            Lair (6/6) D:11
 Shoals (0/4) Lair:2       Spider (0/4) Lair:4        Slime (0/5) Lair:6
    Orc (2/2) D:11            Elf (0/3) Orc:2       Ossuary (visited)
 Vaults: D:13-14

Altars:
Ashenzari
Cheibriados
Dithmenos
Elyvilon
Fedhas
Gozag
Hepliaklqana
Kikubaaqudgha
Makhleb
Nemelex Xobeh
Okawaru
Qazlal
Ru
Sif Muna
Trog
Uskayaw
Vehumet
Wu Jian
Xom
Yredelemnul
Zin
The Shining One
Beogh

Shops:
D:1 [   D:4 (   D:8 !(!   D:9 *   D:11 :   D:12 =[((   Orc:2 [=(***

Portals:
Abyss: Lair:5

Annotations:
D:2 exclusion: door
D:4 exclusion: yak
D:5 exclusions: downstairs and upstairs
D:6 exclusions: downstairs and 3 yaks
D:7 3 runed translucent doors, TrebMcFLY's ghost, amateur DECj
D:12 exclusions: boulder beetle, hydra and 2 slime creatures
D:14 Azrael
Lair:1 exclusion: door
Lair:2 exclusion: downstairs
Lair:4 1 runed translucent door, Laummuim's ghost, journeyman FeFi
Lair:5 2 transporters, Qeimiotua's ghost, journeyman MiFi


Innate Abilities, Weirdness & Mutations

You are immune to sickness and miasma.
Your stone body is resilient. (AC +12)
You are immune to poison.
Your large and strong wings let you fly.
You resist negative energy. (rN+)
You are resistant to electric shocks. (rElec)
You are resistant to unholy torment.
You are immune to petrification.
A frigid envelope surrounds you and freezes all who hurt you.


Message History

Press: ? - help, Dir - look around, f - activate Look: a hell hound (heavily wounded)
You can feel time thicken for a moment.
You kill the hell hound!
Cheibriados thoroughly appreciates the change of pace.
You kill the hell hound!
Cheibriados thoroughly appreciates the change of pace.
You kill the hell hound!
Cheibriados thoroughly appreciates the change of pace.
Unknown command.
Unknown command.
Unknown command.
You punch the fire elemental!
You destroy the fire elemental!
Cheibriados appreciates the change of pace.
Azrael the Boundless Flame comes into view.
He is wielding a +2 scimitar of flaming.
Azrael's eyes look fiery.
Azrael gestures at you.
The sphere of damnation explodes!
The damnation engulfs you!!!
* * * LOW HITPOINT WARNING * * *
Unknown command.
Unknown command.
Unknown command.
Unknown command.
Unknown command.
Unknown command.
You step out of the flow of time.
You return to the normal time flow.
Cheibriados lowers the support of your attributes as your movement quickens.
Unknown command.
What are your orders? t - Shout!
Orders for allies: a - Attack new target. r - Retreat! s - Stop attacking. g - Guard the area. f - Follow me.
Anything else - Cancel.
Okay, then.
Unknown command.
Azrael gestures at you.
The sphere of damnation explodes!
The damnation engulfs you!!
You die...

...... .....## #.....#
#....># #.....# #
#.....# # ###.....#
######### ........##
#......## .......@)##
#......## .......#..###
#......#.
.......##†..####.....##.
....... ###†..#○.....##.
.<..... ###.R.....###.
....... ##.).#####..
....... ###...##...
.....## ##......#
###...##


You could see Azrael.

Vanquished Creatures
  Rupert (Lair:4)
  Nessos (Lair:6)
  A dire elephant (Lair:6)
  17 hydras
  5 centaur warriors
  2 boulder beetles
  2 two-headed ogres
  4 catoblepae
  A deep troll shaman (Lair:6)
  11 death yaks
  Sonja (D:11)
  A fire crab (Lair:4)
  A lindwurm (Lair:4)
  An orc sorcerer (Orc:2)
  4 orc knights (Orc:2)
  A deep elf pyromancer (D:13)
  An ugly thing (D:11)
  3 manticores
  2 cyclopes (D:13)
  26 elephants
  5 black mambas
  16 cane toads
  3 gargoyles
  3 torpor snails
  6 rime drakes
  A kobold demonologist (D:9)
  14 komodo dragons
  5 polar bears
  A queen bee (Lair:5)
  5 trolls
  3 meliai (Lair:5)
  17 blink frogs
  4 slime creatures
  3 jumping spiders (Lair:4)
  7 dream sheep (Lair:4)
  A snapping turtle (Lair:2)
  Sigmund (D:6)
  A culicivora (Lair:4)
  A vampire (D:9)
  38 yaks
  6 wyverns
  Eustachio (D:5)
  3 wraiths
  9 basilisks
  A steam dragon (D:8)
  A fire elemental (D:14)
  2 humans (D:10)
  Menkaure (D:4)
  6 vampire mosquitoes
  A warg (Orc:2)
  19 water moccasins
  An acid dragon (D:10)
  5 hell hounds (D:14)
  31 orc warriors
  3 sky beasts
  6 black bears
  A hornet zombie (D:6)
  5 ogres
  23 wolves
  19 centaurs
  3 kobold brigands
  3 phantoms
  13 bullfrogs
  4 scorpions
  A gnoll sergeant (Orc:1)
  A water moccasin zombie (D:5)
  A water moccasin skeleton (D:4)
  34 killer bees
  2 wights (Ossuary)
  A howler monkey (D:7)
  5 electric eels
  A bullfrog zombie (D:4)
  A centaur zombie (D:5)
  5 hounds
  16 orc priests
  A bullfrog skeleton (D:5)
  A gnoll shaman (D:7)
  3 jellies
  A centaur skeleton (D:5)
  9 hell rats
  7 iguanas
  A scorpion zombie (D:4)
  21 orc wizards
  Terence (D:2)
  4 hound zombies (D:4)
  3 hound skeletons
  18 gnolls
  A howler monkey skeleton (D:6)
  3 howler monkey zombies
  An adder (D:5)
  A white imp (D:5)
  An ufetubus (D:5)
  2 adder skeletons
  2 adder zombies (Ossuary)
  A worm (D:3)
  2 dart slugs
  53 orcs
  8 ball pythons
  7 endoplasms
  3 giant cockroaches
  12 goblins
  10 hobgoblins
  6 jackals
  10 kobolds
  6 quokkas
  A ball python skeleton (Ossuary)
  7 bats
  4 frilled lizards
  2 goblin zombies (D:5)
  4 hobgoblin skeletons (Ossuary)
  A kobold zombie (Ossuary)
  2 orc skeletons (Ossuary)
  9 rats
685 creatures vanquished.

Vanquished Creatures (others)
  51 fungi
  74 plants
  9 withered plants (D:4)
134 creatures vanquished.

Grand Total: 819 creatures vanquished

Notes
Turn   | Place    | Note
-------+----------+-------------------------------------------
     0 | D:1      | Kurdi the Gargoyle Monk began the quest for the Orb.
     0 | D:1      | Reached XP level 1. HP: 14/14 MP: 1/1
    95 | D:1      | Reached XP level 2. HP: 7/19 MP: 2/2
   120 | D:1      | Found Ohono's Armour Shoppe.
   284 | D:1      | You fall into a shaft and drop 1 floor!
   884 | D:1      | Reached XP level 3. HP: 20/23 MP: 3/3
  1743 | D:2      | Reached skill level 4 in Unarmed Combat
  2246 | D:2      | Found a faded altar of an unknown god.
  2249 | D:2      | Noticed Terence
  3070 | D:3      | Reached XP level 4. HP: 27/28 MP: 4/4
  3566 | D:3      | Found a burning altar of Makhleb.
  3566 | D:3      | Noticed a blizzard demon
  3575 | D:3      | Noticed a ynoxinul
  3575 | D:3      | Noticed a ynoxinul
  3626 | D:3      | Noticed a sky beast
  3641 | D:3      | Killed a sky beast
  3642 | D:3      | Reached skill level 1 in Armour
  3642 | D:3      | Reached skill level 5 in Unarmed Combat
  3642 | D:3      | Reached XP level 5. HP: 20/33 MP: 5/5
  4280 | D:4      | Reached XP level 6. HP: 23/38 MP: 6/6
  4745 | D:4      | Found a hide-covered altar of Uskayaw.
  4746 | D:4      | Noticed Menkaure
  4763 | D:4      | Killed Menkaure
  4764 | D:4      | Reached skill level 1 in Shields
  4790 | D:4      | Found an opulent altar of Gozag.
  4840 | D:4      | Noticed a +0 hand axe
  4841 | D:4      | Noticed a +0 dagger
  4884 | D:4      | Reached XP level 7. HP: 43/44 MP: 7/7
  4906 | D:4      | Reached skill level 6 in Unarmed Combat
  5028 | D:4      | Found Nimeclau's Antique Weapon Shoppe.
  5072 | D:4      | Noticed a yak
  5180 | D:4      | Noticed a yak
  5326 | D:2      | Killed Terence
  5640 | D:5      | Entered Level 5 of the Dungeon
  5661 | D:5      | Found a sand-covered staircase.
  5670 | Ossuary  | Entered an ossuary
  5857 | Ossuary  | Noticed a flying skull
  5857 | Ossuary  | Noticed a wraith
  5866 | Ossuary  | Noticed a flying skull
  5890 | Ossuary  | Noticed a flying skull
  5891 | Ossuary  | Noticed a flying skull
  6186 | Ossuary  | Noticed a flying skull
  6187 | Ossuary  | Noticed a wraith
  6199 | Ossuary  | Killed a wraith
  6200 | Ossuary  | Reached skill level 5 in Fighting
  6297 | Ossuary  | Reached XP level 8. HP: 49/49 MP: 8/8
  6383 | Ossuary  | Noticed a wraith
  6824 | D:4      | Found a bloodstained altar of Trog.
  6857 | D:4      | Reached skill level 7 in Unarmed Combat
  6948 | D:4      | Reached skill level 1 in Evocations
  7289 | D:5      | Found a basalt altar of Yredelemnul.
  8074 | D:4      | Noticed a yak
  8074 | D:4      | Noticed a yak
  8074 | D:4      | Noticed a yak
  8074 | D:4      | Noticed a yak
  8118 | D:5      | Found a shimmering altar of Xom.
  8216 | D:5      | Noticed Eustachio
  8229 | D:5      | Killed Eustachio
  8230 | D:5      | Reached skill level 5 in Armour
  8230 | D:5      | Reached skill level 8 in Unarmed Combat
  8230 | D:5      | Reached XP level 9. HP: 52/55 MP: 9/9
  8237 | D:5      | Got the Tome of the Earthen Snowflakes
  9410 | D:6      | Noticed Sigmund
  9422 | D:6      | Killed Sigmund
  9483 | D:6      | Found a hazy altar of Hepliaklqana.
  9846 | D:6      | Found a sparkling altar of Nemelex Xobeh.
 10566 | D:7      | Found a glowing golden altar of the Shining One.
 11045 | D:7      | Found a runed translucent gate.
 11045 | D:7      | Found a runed translucent gate.
 11045 | D:7      | Found a runed translucent gate.
 11049 | D:7      | Noticed TrebMcFLY's ghost (amateur DECj)
 11098 | D:7      | Reached skill level 9 in Unarmed Combat
 12125 | D:7      | Found a staircase to the Ecumenical Temple.
 12227 | Temple   | Entered the Ecumenical Temple
 12314 | Temple   | Became a worshipper of Cheibriados the Contemplative
 12314 | Temple   | Reached * piety under Cheibriados
 12314 | Temple   | Reached ** piety under Cheibriados
 12412 | D:8      | Found Ceaciamp's Distillery.
 12413 | D:8      | Found Viag's Antique Weapon Shop.
 12707 | D:8      | Noticed a two-headed ogre
 12716 | D:8      | Killed a two-headed ogre
 12717 | D:8      | Reached skill level 1 in Invocations
 12717 | D:8      | Reached XP level 10. HP: 50/63 MP: 9/11
 13033 | D:8      | Found a sacrificial altar of Ru.
 13138 | D:8      | Found Egonguo's Distillery.
 13144 | D:8      | Bought a potion of curing for 39 gold pieces
 13518 | D:9      | Found Zin's Purification Station.
 13518 | D:9      | Found a glowing silver altar of Zin.
 13670 | D:9      | Noticed a kobold demonologist
 13689 | D:9      | Killed a kobold demonologist
 13690 | D:9      | Reached skill level 10 in Unarmed Combat
 14668 | D:10     | Entered Level 10 of the Dungeon
 15113 | D:10     | Found an iron altar of Okawaru.
 15202 | D:10     | Found a white marble altar of Elyvilon.
 15805 | D:11     | Reached *** piety under Cheibriados
 15841 | D:11     | Noticed a gargoyle
 15867 | D:11     | Killed a gargoyle
 15868 | D:11     | Reached XP level 11. HP: 39/69 MP: 10/14
 16150 | D:12     | Found Kuarul's Antique Weapon Shop.
 16270 | D:12     | Noticed a boulder beetle
 16296 | D:12     | Killed a boulder beetle
 16297 | D:12     | Reached skill level 11 in Unarmed Combat
 16375 | D:12     | Noticed a manticore
 16385 | D:12     | Killed a manticore
 16790 | D:12     | Found Ibocyplegir's Antique Armour Shoppe.
 16792 | D:12     | Noticed a two-headed ogre
 16800 | D:12     | Killed a two-headed ogre
 16822 | D:12     | Gained mutation: A frigid envelope surrounds you and
                  | freezes all who hurt you. [potion of mutation]
 16862 | D:12     | Found Ricik's Jewellery Emporium.
 16906 | D:12     | Noticed a boulder beetle
 16907 | D:12     | Noticed a seven-headed hydra
 17238 | D:12     | Found Wev Tefy's Antique Weapon Boutique.
 17385 | D:11     | Noticed a purple ugly thing
 17450 | D:11     | Reached skill level 5 in Invocations
 17499 | D:11     | Found a staircase to the Lair.
 17681 | D:11     | Found a staircase to the Orcish Mines.
 17693 | D:11     | Killed a purple ugly thing
 17783 | D:11     | Reached **** piety under Cheibriados
 17870 | D:11     | Found Raogeu Ydae's Book Emporium.
 17959 | D:11     | Noticed Sonja
 17967 | D:11     | Killed Sonja
 17968 | D:11     | Reached skill level 5 in Dodging
 18021 | D:11     | Identified the +9 flail of Dishonour {drain, Int+3}
 18285 | D:13     | Noticed a deep elf pyromancer
 18285 | D:13     | Noticed a cyclops
 18477 | D:13     | Noticed a centaur warrior
 18570 | D:13     | Killed a centaur warrior
 18571 | D:13     | Reached skill level 12 in Unarmed Combat
 18606 | D:13     | Noticed a centaur warrior
 18613 | D:13     | Killed a centaur warrior
 18614 | D:13     | Reached XP level 12. HP: 73/76 MP: 16/16
 18645 | D:14     | Noticed a catoblepas
 18808 | D:13     | Noticed a centaur warrior
 18874 | Lair:1   | Entered Level 1 of the Lair of Beasts
 19113 | Lair:1   | You fall into a shaft and drop 1 floor!
 19232 | Lair:2   | Found a staircase to the Shoals.
 19315 | Lair:2   | Noticed a six-headed hydra
 19322 | Lair:2   | Killed a six-headed hydra
 19795 | Lair:1   | Noticed a five-headed hydra
 19805 | Lair:1   | Killed a five-headed hydra
 20207 | D:4      | Reached skill level 10 in Fighting
 20365 | D:1      | Bought the +3 pair of gauntlets of War {Slay+5} for 665
                  | gold pieces
 20365 | D:1      | Found the +3 pair of gauntlets of War {Slay+5}
 20759 | Lair:1   | Reached ***** piety under Cheibriados
 21222 | Lair:1   | Reached skill level 13 in Unarmed Combat
 21325 | Lair:1   | Noticed a seven-headed hydra
 21331 | Lair:1   | Killed a seven-headed hydra
 21627 | Lair:1   | Noticed a dire elephant
 21627 | Lair:1   | Noticed a dire elephant
 22282 | Lair:2   | Reached XP level 13. HP: 83/83 MP: 18/18
 22744 | Lair:3   | Identified the +2 helmet of Orechym {Rampage rC+ Int-4
                  | SInv}
 23157 | Lair:4   | Found a runed translucent door.
 23160 | Lair:4   | Noticed Laummuim's ghost (journeyman FeFi)
 23229 | Lair:4   | Reached skill level 14 in Unarmed Combat
 23387 | Lair:4   | Reached skill level 10 in Armour
 23597 | Lair:4   | Noticed Rupert
 23637 | Lair:4   | Killed Rupert
 24097 | Lair:4   | Found a hole to the Spider Nest.
 24107 | Lair:4   | Gained mutation: Your large and strong wings let you fly.
                  | [Gargoyle growth]
 24107 | Lair:4   | Reached XP level 14. HP: 82/90 MP: 20/20
 24675 | Lair:4   | Reached skill level 15 in Unarmed Combat
 25861 | Lair:5   | Identified the +8 halberd "Owuvaock" {pain, Will+ Str+3}
 25944 | Lair:5   | Found a transporter.
 25964 | Lair:5   | Reached skill level 10 in Invocations
 26003 | Lair:5   | Noticed Qeimiotua's ghost (journeyman MiFi)
 26112 | Lair:5   | Found a one-way gate to the infinite horrors of the Abyss.
 26126 | Lair:5   | Found a transporter.
 26200 | Lair:5   | Reached ****** piety under Cheibriados
 26601 | Lair:6   | Entered Level 6 of the Lair of Beasts
 26724 | Lair:6   | Found a staircase to the Slime Pits.
 26753 | Lair:6   | Reached XP level 15. HP: 74/97 MP: 22/22
 26766 | Lair:6   | Reached skill level 16 in Unarmed Combat
 27455 | Lair:6   | Identified the +9 short sword "Zaisud" {flame, *Rage Dex+3
                  | Stlth+}
 27455 | Lair:6   | Noticed Nessos
 27461 | Lair:6   | Killed Nessos
 28457 | Lair:6   | Identified the +2 robe of Zuwashrile {rElec rC- Int+6
                  | Archmagi}
 28458 | Lair:6   | Identified the +6 plate armour "Uluwip" {Fly rCorr}
 28460 | Lair:6   | Got Toejes's Handbook of Unstable Changing
 28464 | Lair:6   | Learned a level 2 spell: Passwall
 28469 | Lair:6   | Learned a level 4 spell: Passage of Golubria
 28684 | Orc:1    | Entered Level 1 of the Orcish Mines
 28783 | Orc:2    | Entered Level 2 of the Orcish Mines
 29277 | Orc:2    | Found Yliul's Jewellery Shoppe.
 29432 | Orc:2    | Found Olueffax's Antique Armour Boutique.
 29440 | Orc:2    | Bought a glowing buckler for 187 gold pieces
 29779 | Orc:2    | Found a staircase to the Elven Halls.
 29903 | Orc:2    | Found Ilenosah's General Store.
 29903 | Orc:2    | Found Dolir's Assorted Antiques.
 29905 | Orc:2    | Found Daxzes's General Store.
 29907 | Orc:2    | Found Lymiriv's Antique Weapon Boutique.
 30646 | D:14     | Reached skill level 17 in Unarmed Combat
 30679 | D:14     | Learned a level 5 spell: Borgnjor's Vile Clutch
 30699 | D:14     | Reached XP level 16. HP: 63/104 MP: 24/24
 30702 | D:14     | Noticed Azrael
 30706 | D:14     | Killed from afar by Azrael

Illustrated notes

Levels and vault maps discovered:
D:1:      evilmike_arrival_home_sweet_home, layout_rooms, serial_shops,
          nicolae_shop_advertising_works [nicolae_subvault_shop_adworks],
          corexii_hall_statues_x, minmay_3d_cube
D:2:      layout_basic, shapermc_ecumenical_altar_notcrosses, st_stairs_11,
          corexii_corridor_pit, uniq_terence
D:3:      layout_basic, makhleb_altar_promises_db
D:4:      layout_cave_pools, lemuel_tele_altar, nicolae_gozag_seed_capital,
          dancing_weapons_uskayaw, serial_shops, nicolae_shop_trees,
          serial_undead, serial_undead_b, serial_undead_a, serial_undead_e,
          serial_undead_b, grunt_decor_cap, corexii_shack, uniq_menkaure
D:5:      layout_loops_ring, mainiacjoe_overflow_chevrons, tgw_xom,
          enter_ossuary_4, minmay_quadrilaterals, uniq_eustachio
D:6:      layout_basic, nzn_hepliaklqana_mist_gate, kennysheep_mini,
          uniq_sigmund
D:7:      layout_gridville, tso_metal_star, minmay_temple_entry_fiery,
          ebering_ghost_rock_garden
D:8:      layout_basic, nicolae_ru_sacrificial_ziggurat, serial_shops,
          nicolae_shop_statue_plus, chequers_garden, nicolae_wooded_promenade,
          minmay_misc_feat_iff
D:9:      layout_loops_ring, zin_purify
D:10:     layout_rooms, kennysheep_mini_moat, okawaru_humans,
          hangedman_decor_clover_reticule
D:11:     layout_small_grid, grunt_lair_entry_orc_guard_hut, erik_orc_4,
          serial_shops, shop, uniq_sonja
D:12:     layout_irregular_city, serial_shops, shop, shop, shop_fountains,
          nicolae_stop_n_shop_1
D:13:     layout_stronghold
D:14:     layout_cave_pods, skrybe_vaults_entry_preservation, hex_medium,
          minivault_21, uniq_azrael
Temple:   dpeg_three_leaves_temple
Lair:1:   beast_lair_carwin_large_2, layout_regular_city,
          nicolae_lair_lakeside_cave
Lair:2:   layout_regular_city, minmay_shoals_entry_hut, lemuel_fruit_fields
Lair:3:   layout_hall_layers, serial_bayou_lagoon_b
Lair:4:   nzn_winding_woodlands_large [nzn_winding_woodlands_5x5_closed_star,
          nzn_winding_woodlands_5x15_parted, nzn_winding_woodlands_5x5_default,
          nzn_winding_woodlands_center_garden,
          nzn_winding_woodlands_15x15_killbox,
          nzn_winding_woodlands_center_pierced_h,
          nzn_winding_woodlands_5x5_perimeter,
          nzn_winding_woodlands_5x15_sawtooth,
          nzn_winding_woodlands_5x5_open_star], layout_regular_city,
          spider_nest_entry_funnel_web, hellmonk_ghost_happy_afterlife,
          hibernation_bobbens, uniq_rupert
Lair:5:   regret_index_wax_grids, layout_misc_corridors,
          gammafunk_ghost_abyssal_escape, serial_bayou_pond_d,
          kennysheep_catoblepas_arena
Lair:6:   grunt_lair_end_beastmaster, layout_long_grid,
          minmay_slime_entry_pillars, kennysheep_basilisk_garden,
          infiniplex_staircase_pool, grunt_megastairs_1, uniq_nessos
Orc:1:    layout_caves, basic_altar
Orc:2:    st_orc_rangers, layout_caves, serial_shops, nicolae_shop_hallway_plus,
          nicolae_shop_crystal, nicolae_orc_rich_vein

Skill      XL: |  1  2  3  4  5  6  7  8  9 10 11 12 13 14 15 |
---------------+----------------------------------------------+-----
Unarmed Combat | 4 5 6 8 9 10 12 13 14 15 17 | 17.0
Stealth        | 3 |  3.1
Fighting       | 4 5 6 7 8 9 10 11 12 13 | 13.3
Armour         | 1 2 3 5 6 8 9 10 11 12 | 12.4
Shields        | 1 2 3 |  3.5
Evocations     | 2 4 |  4.6
Invocations    | 1 4 6 7 9 10 11 | 11.4
Dodging        | 4 5 6 7 8 9 |  9.2

Action                   |  1- 3 |  4- 6 |  7- 9 | 10-12 | 13-15 | 16-18 || total
-------------------------+-------+-------+-------+-------+-------+-------++-------
Melee: Unarmed           |   121 |   157 |   552 |   596 |   955 |     2 ||  2383
       Punch             |     1 |       |       |       |       |       ||     1
       Flail             |       |       |       |    10 |       |       ||    10
Throw: Stone             |     7 |       |       |       |       |       ||     7
       Dart              |    11 |       |     5 |       |     1 |       ||    17
       Throwing net      |       |       |     1 |       |       |       ||     1
Invok: Bend Time         |       |       |       |     6 |     1 |       ||     7
       Temporal Distorti |       |       |       |     2 |       |       ||     2
       Slouch            |       |       |       |       |    15 |     1 ||    16
       Step From Time    |       |       |       |       |       |     1 ||     1
Evoke: Wand              |       |       |     6 |    33 |     8 |       ||    47
  Use: Scroll            |       |     5 |     9 |     6 |     8 |       ||    28
       Potion            |       |     1 |     8 |     3 |     2 |       ||    14
 Stab: Sleeping          |     4 |       |     9 |     5 |     8 |       ||    26
       Distracted        |       |       |     1 |       |     6 |       ||     7
       Paralysed         |       |       |       |     2 |       |       ||     2
Armor: Robe              |     9 |       |       |       |       |       ||     9
       Leather armour    |    37 |    50 |   180 |    66 |       |       ||   333
       Acid dragon scale |       |       |       |   115 |   185 |       ||   300
       Skin              |       |       |       |     3 |       |       ||     3
       Plate armour      |       |       |       |       |   108 |       ||   108
       Troll leather arm |       |       |       |       |    14 |       ||    14
Dodge: Dodged            |    67 |    94 |   226 |   443 |  1074 |       ||  1904
Block: Buckler           |       |     9 |    93 |   157 |   394 |       ||   653
